AoeStats
← all muted

MegaRandom

507337627Analyzed
4v4 RM · 15d ago on Sep 17, 2026· 67m 35s· 8 players
Game mode
Random Map
Map size
Large (8 player)
Population
200
Speed
Normal
Resources
Standard
Victory
Conquest
Starting age
Dark Age
Ending age
Imperial Age
RankedLock teamsTeams togetherTeam positionsShared explorationLock speedFull tech treeHidden civsTurbo modeCheats
Victory
Defeat
1031
+12
🇹🇷 Vikings · Türkiye
950
+16
🇹🇼 Italians · Taiwan
887
+18
🇪🇸 Spanish · Spain
883
+19
🇸🇪 Franks · Sweden
1057
-20
🇸🇪 Britons · Sweden
973
-18
🇨🇭 Goths · Switzerland
942
-16
🇸🇪 Khmer · Sweden
803
-11
The Viper (Minus quick walls)
7:03 Loom
9:38 Feudal Age
10:34 Double-Bit Axe
15:00 Horse Collar
15:56 Forging
17:33 Scale Barding Armor
19:12 Wheelbarrow
23:49 Castle Age
23:32 Gold Mining
23:59 Bloodlines
24:58 Chain Barding Armor
26:38 Iron Casting
28:05 Husbandry
33:52 Hand Cart
35:22 Heavy Plow
40:50 Imperial Age
42:57 Conscription
42:30 Fletching
42:41 Padded Archer Armor
42:07 Elite Steppe Lancer
43:59 Bodkin Arrow
45:28 Cavalier
47:08 Bracer
49:33 Leather Archer Armor
49:45 Ballistics
51:16 Chemistry
50:12 Town Watch
52:12 Elite Mangudai
54:27 Caravan
59:30 Town Patrol
64:48 Capped Ram
65:55 Drill
66:13 Spies/Treason
KarasukWarrior
11:59 Feudal Age
12:20 Loom
14:40 Double-Bit Axe
17:50 Fishing Lines
20:33 Castle Age
20:21 Forging
20:48 Man-at-Arms
21:33 Squires
22:26 Iron Casting
21:51 Scale Mail Armor
22:29 Bow Saw
22:14 Gold Mining
23:17 Stone Mining
23:36 Long Swordsman
24:45 Gambesons
28:27 Horse Collar
29:31 Gold Shaft Mining
31:41 Gillnets
33:51 Heavy Plow
37:36 Imperial Age
36:54 Chieftains
37:24 Chain Mail Armor
38:04 Elite Berserk
38:07 Two-Handed Swordsman
39:43 Crop Rotation
40:25 Blast Furnace
39:32 Champion
42:25 Plate Mail Armor
42:45 Conscription
46:43 Arson
48:53 Caravan
s520s
11:36 Feudal Age
12:15 Double-Bit Axe
13:24 Horse Collar
14:27 Fletching
14:40 Padded Archer Armor
15:46 Loom
15:52 Fishing Lines
20:06 Stone Mining
22:26 Castle Age
21:50 Wheelbarrow
22:30 Gold Mining
23:51 Heavy Plow
24:03 Bow Saw
24:31 Stone Shaft Mining
26:07 Gillnets
25:58 Crossbowman
29:14 Bodkin Arrow
29:35 Leather Archer Armor
29:31 Thumb Ring
30:19 Hand Cart
34:53 Imperial Age
33:19 Devotion
34:07 Silk Road
34:10 Ballistics
34:54 Town Watch
36:36 Chemistry
35:18 Treadmill Crane
35:24 Arrowslits
35:35 Murder Holes
36:36 Conscription
36:47 Town Patrol
38:16 Two-Man Saw
37:48 Crop Rotation
37:21 Elite Genoese Crossbowman
39:13 Bracer
39:44 Ring Archer Armor
48:23 Caravan
67:12 Spies/Treason
marcospett
0:49 Loom
11:37 Feudal Age
12:55 Wheelbarrow
12:09 Double-Bit Axe
12:10 Horse Collar
13:07 Stone Mining
14:04 Gold Mining
24:43 Castle Age
23:28 Scale Barding Armor
23:24 Scale Mail Armor
23:35 Forging
23:15 Fletching
23:26 Padded Archer Armor
26:43 Caravan
27:25 Hand Cart
27:22 Heavy Plow
27:39 Bow Saw
28:07 Stone Shaft Mining
27:50 Chain Mail Armor
28:11 Iron Casting
27:57 Chain Barding Armor
27:53 Leather Archer Armor
27:33 Bodkin Arrow
32:58 Husbandry
33:08 Bloodlines
37:29 Imperial Age
35:12 Fortified Wall
34:58 Murder Holes
35:13 Masonry
37:37 Cavalier
39:10 Plate Barding Armor
39:06 Plate Mail Armor
39:36 Blast Furnace
38:37 Bracer
39:08 Ring Archer Armor
39:40 Chemistry
39:43 Two-Man Saw
40:12 Paladin
42:45 Conscription
43:45 Architecture
45:41 Capped Ram
46:52 Siege Ram
66:24 Elite Skirmisher
66:25 Heavy Cavalry Archer
67:10 Thumb Ring
66:28 Onager
67:04 Guard Tower
67:34 Ballistics
67:35 Bombard Tower
67:01 Arrowslits
67:57 Hoardings
66:43 Elite Conquistador
67:24 Inquisition
67:44 Supremacy
66:55 Sappers
66:46 Spies/Treason
66:48 Light Cavalry
all muted
11:33 Feudal Age
12:24 Horse Collar
12:31 Double-Bit Axe
16:22 Wheelbarrow
20:49 Castle Age
26:00 Loom
26:35 Hand Cart
26:06 Town Watch
32:20 Bow Saw
34:15 Heavy Plow
38:22 Caravan
41:38 Imperial Age
43:59 Fortified Wall
44:00 Masonry
43:46 Murder Holes
43:57 Siege Engineers
44:54 Chemistry
45:22 Forging
45:12 Scale Mail Armor
45:17 Scale Barding Armor
45:04 Fletching
45:14 Padded Archer Armor
44:37 Elite Battle Elephant
45:18 Husbandry
45:29 Bloodlines
45:33 Tusk Swords
44:58 Pikeman
46:22 Coinage
47:03 Hoardings
46:58 Halberdier
53:17 Banking
snor
2:44 Loom
10:45 Feudal Age
19:46 Castle Age
18:38 Horse Collar
18:58 Double-Bit Axe
21:50 Padded Archer Armor
21:40 Fletching
22:31 Bow Saw
22:25 Heavy Plow
23:02 Leather Archer Armor
25:58 Gold Mining
33:29 Gold Shaft Mining
33:51 Wheelbarrow
36:41 Imperial Age
35:17 Hand Cart
35:37 Yeomen
36:29 Town Watch
37:04 Stone Mining
38:32 Conscription
37:33 Elite Longbowman
38:52 Squires
38:14 Pikeman
39:33 Ring Archer Armor
38:59 Bodkin Arrow
39:04 Scale Mail Armor
39:15 Forging
39:51 Coinage
39:23 Caravan
39:34 Guilds
40:30 Town Patrol
41:34 Chemistry
40:56 Ballistics
40:50 Fortified Wall
41:46 Two-Man Saw
47:33 Halberdier
48:38 Chain Mail Armor
48:24 Bracer
49:00 Iron Casting
49:56 Plate Mail Armor
52:39 Blast Furnace
53:13 Banking
OpidilO WalkeR
5:14 Loom
10:45 Feudal Age
12:00 Double-Bit Axe
14:29 Fishing Lines
14:37 Fishing Lines
24:59 Castle Age
23:46 Gold Mining
25:54 Scale Barding Armor
25:59 Forging
27:06 Wheelbarrow
27:19 Chain Barding Armor
31:23 Sanctity
32:35 Husbandry
36:45 Fervor
40:11 Iron Casting
44:09 Imperial Age
41:53 Bow Saw
41:34 Stone Mining
43:01 Fletching
54:26 Squires
55:16 Pikeman
56:20 Scale Mail Armor
57:18 Iron Casting
56:31 Halberdier
58:22 Chain Mail Armor
58:09 Elite Skirmisher
60:06 Blast Furnace
59:03 Bodkin Arrow
59:08 Padded Archer Armor
60:53 Plate Mail Armor
63:07 Cavalier
64:24 Plate Barding Armor
Abraham Fistelquist
2:57 Loom
9:03 Loom
11:35 Feudal Age
14:27 Double-Bit Axe
14:26 Horse Collar
17:29 Wheelbarrow
17:18 Town Watch
18:47 Town Watch
23:04 Castle Age
23:57 Bow Saw
23:59 Heavy Plow
24:17 Hand Cart
24:30 Squires
24:45 Forging
26:31 Iron Casting
32:48 Imperial Age
32:43 Scale Mail Armor
34:44 Two-Man Saw
34:37 Crop Rotation
34:39 Conscription
33:57 Man-at-Arms
35:33 Long Swordsman
36:12 Two-Handed Swordsman
38:11 Blast Furnace
37:29 Champion
39:04 Chain Mail Armor
38:18 Pikeman
39:14 Perfusion
39:24 Anarchy
40:14 Halberdier
43:50 Caravan
43:30 Elite Huskarl
Connection lost

Rejoining the realm…

Still unreachable

The connection could not be restored.

Session expired

The server has moved on; the page needs a fresh start.